 Dungeon Crawl Stone Soup version 0.26.1-10-gdfb7c7de75 (webtiles) character file.

Game seed: 12605751413019847807

37 diana the Skirmisher (level 3, -4/29 HPs)
             Began as a Demonspawn Gladiator on Apr 10, 2021.
             Slain by Natasha (5 damage)
             ... on level 2 of the Dungeon.
             The game lasted 00:00:40 (1055 turns).

diana the Skirmisher (Demonspawn Gladiator)         Turns: 1055, Time: 00:00:41

Health: -4/29      AC:  4    Str: 15    XL:     3   Next: 21%
Magic:  0/3        EV: 12    Int:  9    God:
Gold:   107        SH:  0    Dex: 14    Spells: 2/2 levels left

rFire    . . .     SeeInvis .   a - +0 quarterstaff
rCold    . . .     Faith    .   (shield currently unavailable)
rNeg     . . .     Spirit   +   b - +0 leather armour
rPois    .         Reflect  .   c - +0 helmet
rElec    .         Harm     .   (no cloak)
rCorr    .         Rampage  .   (no gloves)
Will     .....                  (no boots)
Stlth    +.........             (no amulet)
HPRegen  0.09/turn              (no ring)
MPRegen  0.08/turn              (no ring)

@: slowed, very slow
A: magic shield
a: no special abilities


You were on level 2 of the Dungeon.
You visited 1 branch of the dungeon, and saw 2 of its levels.

You collected 107 gold pieces.

Inventory:

Hand Weapons
 a - a +0 quarterstaff (weapon)
Missiles
 d - 3 throwing nets (quivered)
Armour
 b - a +0 leather armour (worn)
 c - a +0 helmet (worn)
Scrolls
 g - a scroll of enchant weapon {unknown}
 h - 2 scrolls of enchant armour {unknown}
 j - 3 scrolls of teleportation {unknown}
 k - a scroll of amnesia {unknown}
 l - a scroll of remove curse {unknown}
Potions
 e - 2 potions of berserk rage {unknown}
 f - 3 potions of curing {unknown}
 i - a potion of degeneration {unknown}
 m - 2 potions of heal wounds {unknown}


   Skills:
 * Level 3.2 Fighting
 + Level 3.1 Staves
 - Level 1.7 Throwing
 - Level 2.6 Dodging


You had 2 spell levels left.
You didn't know any spells.
Your spell library was empty.

Dungeon Overview and Level Annotations

Branches:
Dungeon (2/15)

Altars:

Annotations:
D:2 Natasha


Innate Abilities, Weirdness & Mutations

When hurt, damage is shared between your health and your magic reserves.


Message History

* * * LOW HITPOINT WARNING * * *
Unknown command.
You hit Natasha but do no damage.
Natasha is moderately wounded.
Natasha claws you but does no damage. The kobold hits you but does no damage.
Natasha claws you but does no damage. The kobold closely misses you.
You miss Natasha.
Natasha is moderately wounded.
Natasha claws you but does no damage. The kobold misses you.
You sock Natasha!
Natasha is almost dead.
Natasha claws you but does no damage. The kobold barely misses you.
The kobold hits you but does no damage. Natasha claws you.
* * * LOW HITPOINT WARNING * * *
Unknown command.
You hit Natasha but do no damage.
Natasha is almost dead.
Natasha closely misses you. The kobold barely misses you. x2
Natasha claws you.
You die...

#.# #.# .#..## #.#
#.#... ... #.... #.#
#...### #K# #.....#
#h# #...#)#
#@#######...#.###
###.##K##=......>.....
...K......(.....###.##
####.##.#######.# #.#
# #.# #.###.#### #.#
#......... ...
#####<#### #?# ### #.#


You could see Natasha and 2 kobolds.

Vanquished Creatures
  An adder (D:2)
  2 oozes (D:1)
  2 leopard geckos (D:1)
  A giant cockroach (D:1)
  2 hobgoblins (D:1)
  5 jackals (D:1)
  2 bats (D:1)
  2 rats (D:1)
17 creatures vanquished.

Vanquished Creatures (others)
  5 toadstools (D:1)
5 creatures vanquished.

Grand Total: 22 creatures vanquished

Notes
Turn   | Place    | Note
-------+----------+-------------------------------------------
     0 | D:1      | diana the Demonspawn Gladiator began the quest for the Orb.
     0 | D:1      | Reached XP level 1. HP: 16/16 MP: 1/1
    27 | D:1      | Gained mutation: When hurt, damage is shared between your
                  | health and your magic reserves. [demonic ancestry]
    27 | D:1      | Reached XP level 2. HP: 20/23 MP: 2/2
   959 | D:2      | Reached XP level 3. HP: 22/29 MP: 3/3
  1039 | D:2      | Noticed Natasha
  1051 | D:2      | HP: 1/29 [Natasha (3)]
  1055 | D:2      | Slain by Natasha

Illustrated notes

Levels and vault maps discovered:
D:1:      ldierk_walled_garden, layout_loops_ring
D:2:      minmay_roachtagon, layout_basic, lightli_temple_of_fire, uniq_jessica,
          uniq_natasha

Skill      XL: |  1  2 |
---------------+-------+-----
Staves         | 3 |  3.1
Fighting       | 3 |  3.2
Throwing       | |  1.7
Dodging        | |  2.6

Action                   || total
-------------------------++-------
Melee: Quarterstaff      ||    64
Armor: Leather armour    ||    26
Dodge: Dodged            ||    59
